 Dungeon Crawl Stone Soup version 0.31-a0-459-gc8a9bf3d51 (webtiles) character file.

Game seed: 5197909562487990588

150039 Ethylacetat the Black Belt (level 17, -40/95 HPs)
             Began as a Vine Stalker Monk on Aug 4, 2023.
             Was an Initiate of Gozag.
             Killed from afar by a fire dragon (48 damage)
             ... with a blast of flame
             ... on level 1 of the Depths.
             The game lasted 01:49:06 (23454 turns).

Ethylacetat the Black Belt (Vine Stalker Monk)     Turns: 23454, Time: 01:49:08

Health: -40/95     AC: 25    Str: 20    XL:     17   Next: 52%
Magic:  0/34       EV: 15    Int:  8    God:    Gozag
Gold:   2282       SH: 14    Dex: 28    Spells: 40/40 levels left

rFire   . .          .
                       - Unarmed
rCold   + + .        T - +0 kite shield
rNeg    + . .        U - +5 chain mail of Intuition {rElec rPois rN+ Dex+4}
rPois   +            B - +1 helmet "Miutzaur" {rPois Stlth+}
rElec   +            w - +0 cloak
rCorr   +            l - +1 pair of gloves
SInv    +            Y - +1 pair of boots {rampage}
Will    +++..        e - amulet of Moyrch {rC+ Regen+ rCorr Str+3}
Stlth   +            p - ring of Cygaic {rC+ Str+2}
HPRegen 1.95/turn    V - ring of Oceitur {rElec Will+ SInv}
MPRegen 0.24/turn

%: guardian spirit, rampage
@: gold aura
A: fangs 3, regeneration 1, magic shield, antimagic bite, no potion heal 2,
dopey 1, sense surroundings 1, shaggy fur 1, MP-powered wands, sturdy frame 1
a: Renounce Religion, Potion Petition, Call Merchant, Bribe Branch


You were on level 1 of the Depths.
You worshipped Gozag.
Gozag was most pleased with you.
You visited 6 branches of the dungeon, and saw 26 of its levels.
You also visited: Sewer, Gauntlet and Ice Cave.

You collected 5457 gold pieces.
You spent 3175 gold pieces at shops.

Inventory:

Hand Weapons
 A - a +1 dagger of flaming
Missiles
 n - a throwing net
 o - 5 curare-tipped darts (quivered)
 E - 6 silver javelins
Armour
 l - a +1 pair of gloves (worn)
 w - a +0 cloak (worn)
 B - the +1 helmet "Miutzaur" (worn) {rPois Stlth+}
   (You took it off Robin on level 3 of the Dungeon)

   rPois:     It protects you from poison.
   Stlth:     It makes you more stealthy.
 T - a +0 kite shield (worn)
 U - the +5 chain mail of Intuition (worn) {rElec rPois rN+ Dex+4}
   (You found it in an ice cave)

   Dex:       It affects your dexterity (+4).
   rElec:     It insulates you from electricity.
   rPois:     It protects you from poison.
   rN:        It protects you from negative energy.
 X - a +2 pair of boots of stealth
 Y - a +1 pair of boots of rampaging (worn)
Jewellery
 e - the amulet of Moyrch (around neck) {rC+ Regen+ rCorr Str+3}
   (You found it in a Gauntlet)

   [amulet of regeneration]

   Str:       It affects your strength (+3).
   rC:        It protects you from cold.
   Regen:     It increases your rate of health regeneration.
   rCorr:     It protects you from acid and corrosion.
 h - a +4 ring of protection
 p - the ring of Cygaic (left hand) {rC+ Str+2}
   (You found it in a Gauntlet)

   [ring of protection from cold]

   Str:       It affects your strength (+2).
   rC:        It protects you from cold.
 F - the ring of Lumi {Contam Fly rPois rF+ Int+2 SInv}
   (You found it on level 4 of the Lair of Beasts)

   [ring of flight]

   Int:       It affects your intelligence (+2).
   rF:        It protects you from fire.
   rPois:     It protects you from poison.
   SInv:      It lets you see invisible.
   Fly:       It grants you flight.
   Contam:    It causes magical contamination when unequipped.
 M - a ring of protection from cold
 N - a ring of poison resistance
 V - the ring of Oceitur (right hand) {rElec Will+ SInv}
   (You took it off a centaur on level 13 of the Dungeon)

   [ring of willpower]

   rElec:     It insulates you from electricity.
   SInv:      It lets you see invisible.
   Will:      It increases your willpower.
 W - a ring of protection from fire
Wands
 z - a wand of acid (15)
 D - a wand of digging (14)
 I - a wand of iceblast (5)
 Q - a wand of flame (21)
Scrolls
 a - 6 scrolls of fear
 f - a scroll of revelation
 j - 5 scrolls of fog
 k - 3 scrolls of brand weapon
 q - 13 scrolls of teleportation
 s - 3 scrolls of immolation
 u - 5 scrolls of enchant weapon
 x - 4 scrolls of enchant armour
 G - 4 scrolls of blinking
 H - 3 scrolls of poison
 O - a scroll of silence
Potions
 b - 2 potions of ambrosia
 g - 2 potions of resistance
 i - 7 potions of curing
 m - a potion of might
 r - 3 potions of enlightenment
 t - 4 potions of attraction
 v - 2 potions of mutation
 J - a potion of haste
 K - a potion of cancellation
 L - a potion of magic
 S - a potion of invisibility
Miscellaneous
 d - a phial of floods (inert)


   Skills:
 + Level 13.2 Fighting
 - Level 5.8 Short Blades
 + Level 8.3 Armour
 + Level 8.7 Dodging
 + Level 9.0 Shields
 * Level 18.3 Unarmed Combat
 + Level 12.4 Spellcasting


You had 40 spell levels left.
You didn't know any spells.
Your spell library contained the following spells:

 Spells                   Type           Power      Damage    Failure   Level
 Foxfire                  Conj/Fire      16%        2x1d4     65%         1
 Kiss of Death            Conj/Necr      16%        2d6       65%         1
 Magic Dart               Conj           16%        1d3       65%         1
 Shock                    Conj/Air       16%        1d4       65%         1
 Slow                     Hex            16%        N/A       65%         1
 Sting                    Tmut/Pois      16%        1d3       65%         1
 Passwall                 Tmut/Erth      3%         N/A       80%         2
 Poisonous Vapours        Pois/Air       8%         N/A       80%         2
 Searing Ray              Conj           8%         2d4       80%         2
 Confusing Touch          Hex            4%         N/A       95%         3
 Frozen Ramparts          Ice            8%         1d2       95%         3
 Gell's Gravitas          Tloc           4%         N/A       95%         3
 Hailstorm                Conj/Ice       4%         3d4       95%         3
 Inner Flame              Hex/Fire       4%         N/A       95%         3
 Ozocubu's Armour         Ice            4%         N/A       95%         3
 Portal Projectile        Hex/Tloc       8%         N/A       95%         3
 Stone Arrow              Conj/Erth      8%         3d7       95%         3
 Swiftness                Air            4%         N/A       95%         3
 Teleport Other           Tloc           4%         N/A       95%         3
 Tukima's Dance           Hex            4%         N/A       95%         3
 Vampiric Draining        Necr           4%         2d6       95%         3
 Airstrike                Air            2%         2d(1-17)  100%        4
 Animate Armour           Summ/Erth      8%         N/A       100%        4
 Cause Fear               Hex            2%         N/A       100%        4
 Flame Wave               Conj/Fire      4%         2d5       100%        4
 Fulminant Prism          Conj/Hex       2%         3d5       100%        4
 Iskenderun's Mystic Bla  Conj/Tloc      4%         2d3       100%        4
 Olgreb's Toxic Radiance  Pois           4%         N/A       100%        4
 Petrify                  Tmut/Erth      4%         N/A       100%        4
 Sticky Flame             Conj/Fire      4%         2d3       100%        4
 Arcjolt                  Conj/Air       2%         1d12      100%        5
 Fireball                 Conj/Fire      2%         3d4       100%        5
 Iskenderun's Battlesphe  Conj           4%         2d6       100%        5
 Metabolic Englaciation   Hex/Ice        2%         N/A       100%        5
 Yara's Violent Unravell  Hex/Tmut       2%         3d3       100%        5
 Conjure Ball Lightning   Conj/Air       2%         3x3d6     100%        6
 Dispersal                Tloc           2%         N/A       100%        6
 Leda's Unmaking          Conj/Erth      2%         9d1       100%        6
 Plasma Beam              Fire/Air       2%         2x1d12    100%        6
 Starburst                Conj/Fire      2%         6d3       100%        6
 Enfeeble                 Hex            2%         N/A       100%        7
 Ozocubu's Refrigeration  Ice            2%         4d7       100%        7
 Spellforged Servitor     Conj/Summ      2%         N/A       100%        7
 Lehudib's Crystal Spear  Conj/Erth      2%         10d2      100%        8
 Maxwell's Capacitive Co  Air            2%         ∞         100%        8
 Chain Lightning          Conj/Air       2%         3d2       100%        9
 Dragon's Call            Summ           2%         N/A       100%        9
 Fire Storm               Conj/Fire      2%         8d1       100%        9
 Shatter                  Erth           2%         3d6*      100%        9


Dungeon Overview and Level Annotations

Branches:
Dungeon (15/15)            Temple (1/1) D:7            Lair (5/5) D:8
  Swamp (0/4) Lair:2        Snake (0/4) Lair:2        Slime (2/5) Lair:4
    Orc (2/2) D:10            Elf (0/3) Orc:2        Vaults (0/5) D:14
 Depths (1/4) D:15          Sewer (visited)           IceCv (visited)
Gauntlet (visited)

Altars:
Ashenzari
Cheibriados
Dithmenos
Elyvilon
Fedhas
Gozag
Hepliaklqana
Kikubaaqudgha
Makhleb
Nemelex Xobeh
Okawaru
Qazlal
Ru
Sif Muna
Trog
Uskayaw
Vehumet
Wu Jian
Xom
Yredelemnul
Zin
The Shining One
Lugonu

Shops:
Orc:2 **?!

Portals:
Abyss: Lair:5
Trove: D:11 (show abyssal rune of Zot)


Innate Abilities, Weirdness & Mutations

You have razor-sharp teeth.
Your natural rate of healing is unusually fast.
When hurt, damage is shared between your health and your magic reserves.
Your bite disrupts and absorbs the magic of your enemies.
Potions cannot restore your health.
You are dopey. (Int -2)
You passively map a small area around you.
You are covered in fur. (AC +1)
You expend magic power (3 MP) to strengthen your wands.
Your movements are slightly less encumbered by armour. (ER -2)


Message History

You block the fire dragon's attack.
The fire dragon tramples you but does no damage.
You hear a deafening roar!
You hear a roar!
You punch the fire dragon!
You bite the fire dragon, but do no damage.
The fire dragon is moderately wounded.
The fire dragon breathes flames at you.
The blast of flame hits the fire dragon.
The fire dragon resists.
The blast of flame hits you!!!
* * * LOW HITPOINT WARNING * * *
The fire dragon bites you but does no damage.
You block the fire dragon's attack.
The fire dragon tramples you but does no damage.
Okay, then.
You barely miss the fire dragon. You bite the fire dragon! You drain its power.
You feel invigorated.
The fire dragon is heavily wounded.
You pummel the fire dragon!! You bite the fire dragon! You drain its power.
You feel invigorated.
The fire dragon is almost dead.
You hear a screech!
A fire dragon comes into view.
You block the fire dragon's attack.
The fire dragon claws you but does no damage.
You block the fire dragon's attack.
You hear a roar!
The fire dragon roars deafeningly!
You punch the fire dragon! Your bite misses the fire dragon.
The fire dragon is almost dead.
The fire dragon breathes flames at you.
The blast of flame hits the fire dragon.
The fire dragon resists.
The fire dragon dies!
The blast of flame hits you!!
* * * LOW HITPOINT WARNING * * *
The fire dragon breathes flames at you. The blast of flame hits you!!!
Ouch! That really hurt!
You die...
Your body crumbles into a pile of gold.

# # # #########
##### #DD.D....
..... #$#, ,, ~
..... #@#, , .....
#.# , ##### #.#, $
#$### *
#...##############
#...$$$...........
##.≈≈########......
#.≈≈≈# #......
##.≈§§## #######


You could see 2 fire dragons.

Vanquished Creatures
  2 liches (Depths:1)
  An acid blob (Slime:1)
  Gastronok (Lair:2)
  Kirke (D:11)
  A tengu reaver (Depths:1)
  A frost giant (Depths:1)
  A draconian annihilator (Depths:1)
  A stone giant (Depths:1)
  A minotaur (Gauntlet)
  2 deep elf annihilators (Depths:1)
  2 spark wasps (Depths:1)
  3 ettins (Depths:1)
  Snorg (D:12)
  7 fire dragons (Depths:1)
  3 ice dragons
  Erolcha (D:11)
  The ghost of ouz the Carver, a journeyman DsGl of Okawaru (D:11)
  8 hydras
  4 vault guards (D:14)
  Erica (D:8)
  A rakshasa (Depths:1)
  9 centaur warriors
  A boulder beetle (D:13)
  2 ogre magi
  6 two-headed ogres
  A deep troll earth mage (Depths:1)
  2 tengu warriors
  4 thrashing horrors (Lair:5)
  3 orc high priests
  2 sun demons (Depths:1)
  A vampire mage (D:15)
  2 soul eaters
  2 skysharks (Lair:4)
  2 fire crabs (shapeshifter)
  A wretched star (Gauntlet)
  2 skeletal warriors
  Amaemon (D:11)
  Lodul (D:13)
  4 deep trolls (Depths:1)
  Pikel (D:4)
  A bog body (Lair:2)
  A deep elf archer (D:14)
  A shadow dragon zombie (D:15)
  3 deep elf pyromancers
  A wizard (D:14)
  2 harpies (Depths:1)
  A swamp dragon (D:13)
  5 orc knights
  12 orc sorcerers
  A necromancer (D:15)
  A frost giant zombie (D:15)
  A shining eye (Slime:1)
  A deep elf zephyrmancer (Depths:1)
  6 cyclopes
  A tengu skeleton (D:15)
  6 manticores
  8 ugly things
  A moth of wrath (shapeshifter) (D:13)
  A manticore (shapeshifter) (D:13)
  Maurice (D:8)
  3 black mambas
  2 ice statues (IceCv)
  3 eyes of devastation
  20 elephants
  3 torpor snails
  An orange demon (D:11)
  A gargoyle (D:10)
  14 cane toads
  3 unseen horrors
  2 smoke demons (Lair:5)
  5 yaktaurs (D:15)
  2 kobold demonologists (D:12)
  8 rime drakes
  An efreet (D:15)
  7 komodo dragons
  A guardian mummy (D:15)
  3 tengu conjurers
  6 meliai (D:14)
  A queen bee (shapeshifter) (Lair:5)
  4 trolls
  A polar bear (Lair:2)
  A hornet (Orc:1)
  31 blink frogs
  7 dream sheep
  A raiju (Lair:5)
  A snapping turtle (D:13)
  A spriggan zombie (D:15)
  6 slime creatures
  5 vampires
  A spriggan (Lair:5)
  A spriggan (shapeshifter) (Lair:5)
  A centaur simulacrum (D:13)
  A shadow (D:13)
  A wyvern (Lair:4)
  A fire elemental (Depths:1)
  A human (D:14)
  A basilisk (shapeshifter) (D:13)
  6 basilisks
  A neqoxec (Gauntlet)
  2 wraiths (D:11)
  3 chaos spawn (Lair:5)
  5 hogs (D:11)
  3 fire bats (Depths:1)
  2 steam dragons
  76 yaks
  Grum (D:8)
  21 vampire mosquitoes
  14 wargs
  Edmund (D:4)
  2 hell hounds (Depths:1)
  2 acid dragons
  17 water moccasins
  2 floating eyes
  4 nagas (Lair:2)
  13 orc warriors
  A sky beast (D:7)
  A sky beast (shapeshifter) (Lair:5)
  A black bear (D:5)
  3 ice beasts (D:5)
  12 ogres
  2 wolves (D:8)
  5 boggarts (D:14)
  15 centaurs
  A phantom (D:5)
  Blork the orc (D:4)
  6 kobold brigands
  8 bullfrogs
  2 gnoll sergeants
  4 scorpions
  16 wights
  A hornet simulacrum (D:13)
  13 small abominations
  11 killer bees (D:9)
  A lindwurm simulacrum (IceCv)
  4 howler monkeys
  A crimson imp (D:4)
  3 komodo dragon simulacra (IceCv)
  13 orc priests
  2 hounds (D:5)
  A jelly (D:6)
  Crazy Yiuf (D:4)
  Ijyb (D:3)
  A sleepcap (D:4)
  2 iguanas
  Natasha (thrice) (D:3)
  43 orc wizards
  Robin (D:3)
  12 acid dragon simulacra (IceCv)
  10 adders
  8 gnolls
  2 shadow imps (Gauntlet)
  2 white imps
  An ufetubus (D:7)
  5 steam dragon simulacra (IceCv)
  7 worms
  A dart slug (D:2)
  65 orcs
  11 endoplasms
  4 giant cockroaches
  13 goblins
  14 hobgoblins
  7 jackals (D:1)
  2 quokkas (D:4)
  8 ball pythons
  6 bats
  A frilled lizard (D:1)
  36 kobolds
  6 rats
874 creatures vanquished.

Vanquished Creatures (others)
  An ancient lich (Depths:1)
  A fire dragon (Depths:1)
  A hydra (D:13)
  An orc wizard (D:15)
  2 orcs (Orc:2)
6 creatures vanquished.

Grand Total: 880 creatures vanquished

Notes
Turn   | Place    | Note
-------+----------+-------------------------------------------
     0 | D:1      | Ethylacetat the Vine Stalker Monk began the quest for the
                  | Orb.
     0 | D:1      | Reached XP level 1. HP: 11/11 MP: 2/2
    50 | D:1      | Found a faded altar of an unknown god.
   102 | D:1      | Reached XP level 2. HP: 16/16 MP: 3/3
   143 | D:1      | Reached skill level 1 in Spellcasting
   287 | D:1      | Reached XP level 3. HP: 20/20 MP: 6/6
  1132 | D:2      | Gained mutation: Your natural rate of healing is unusually
                  | fast. [Vine Stalker growth]
  1132 | D:2      | Reached XP level 4. HP: 24/24 MP: 8/8
  1877 | D:3      | Reached XP level 5. HP: 29/29 MP: 8/10
  1945 | D:3      | Noticed Natasha
  1951 | D:3      | Killed Natasha
  1972 | D:3      | Identified the +1 helmet "Miutzaur" {rPois Stlth+}
  1972 | D:3      | Noticed Robin
  1994 | D:3      | Killed Robin
  2025 | D:3      | Noticed Natasha
  2034 | D:3      | Killed Natasha
  2115 | D:3      | Found a blossoming altar of Fedhas.
  2144 | D:3      | Noticed Natasha
  2151 | D:3      | Killed Natasha
  2152 | D:3      | Reached XP level 6. HP: 34/34 MP: 10/12
  2174 | D:3      | Noticed Ijyb
  2645 | D:3      | Killed Ijyb
  2760 | D:4      | Noticed Blork the orc
  2774 | D:4      | Killed Blork the orc
  2775 | D:4      | Reached skill level 5 in Fighting
  2784 | D:4      | Noticed Edmund
  2796 | D:4      | Killed Edmund
  2797 | D:4      | Reached XP level 7. HP: 39/39 MP: 12/15
  2893 | D:4      | Reached skill level 4 in Unarmed Combat
  2943 | D:4      | Noticed Pikel
  2958 | D:4      | Killed Pikel
  2959 | D:4      | Reached skill level 5 in Unarmed Combat
  2959 | D:4      | Reached skill level 5 in Spellcasting
  2959 | D:4      | Gained mutation: You have razor-sharp teeth. [Vine Stalker
                  | growth]
  2959 | D:4      | Reached XP level 8. HP: 40/44 MP: 15/17
  3017 | D:4      | Found a hazy altar of Hepliaklqana.
  3018 | D:4      | Found a shadowy altar of Dithmenos.
  3018 | D:4      | Noticed a shadow
  3437 | D:4      | Found a runed translucent door.
  3438 | D:4      | Noticed Crazy Yiuf
  3445 | D:4      | Killed Crazy Yiuf
  3446 | D:4      | Reached skill level 6 in Unarmed Combat
  3465 | D:5      | Entered Level 5 of the Dungeon
  3485 | D:5      | Found a glowing drain.
  3514 | Sewer    | Entered a sewer
  3898 | D:5      | Found Nodilong's Magic Scroll Emporium.
  3907 | D:5      | Reached skill level 7 in Unarmed Combat
  3907 | D:5      | Reached XP level 9. HP: 49/49 MP: 19/19
  3923 | D:5      | Bought a scroll of fear for 52 gold pieces
  3923 | D:5      | Bought a scroll of teleportation for 39 gold pieces
  3923 | D:5      | Bought a scroll of noise for 13 gold pieces
  3923 | D:5      | Bought a scroll of identify for 26 gold pieces
  3923 | D:5      | Bought a scroll of teleportation for 39 gold pieces
  3923 | D:5      | Bought a scroll of identify for 26 gold pieces
  3923 | D:5      | Bought a scroll of identify for 26 gold pieces
  4509 | D:6      | Reached skill level 8 in Unarmed Combat
  5400 | D:7      | Reached skill level 9 in Unarmed Combat
  5451 | D:7      | Reached XP level 10. HP: 46/55 MP: 20/22
  5638 | D:7      | Found a staircase to the Ecumenical Temple.
  5649 | Temple   | Entered the Ecumenical Temple
  5877 | D:8      | Noticed Maurice
  5891 | D:8      | Killed Maurice
  5925 | D:8      | Noticed Grum
  5939 | D:8      | Killed Grum
  5957 | D:8      | Reached skill level 10 in Unarmed Combat
  6219 | D:8      | Found a broken altar of Ashenzari.
  6357 | D:8      | Noticed Erica
  6368 | D:8      | Killed Erica
  6436 | D:8      | Found a staircase to the Lair.
  6816 | Lair:1   | Entered Level 1 of the Lair of Beasts
  6821 | Lair:1   | Reached skill level 11 in Unarmed Combat
  6936 | D:9      | Reached XP level 11. HP: 55/60 MP: 18/24
  7154 | D:9      | Noticed a two-headed ogre
  7155 | D:9      | Found a bloodstained altar of Trog.
  7155 | D:9      | Found a glowing golden altar of the Shining One.
  7167 | D:9      | Killed a two-headed ogre
  7282 | D:9      | Found an ornate altar of the Wu Jian Council.
  7563 | D:9      | You fall into a shaft and drop 2 floors!
  7626 | D:10     | Entered Level 10 of the Dungeon
  7769 | D:10     | Found a staircase to the Orcish Mines.
  7888 | D:10     | Reached skill level 12 in Unarmed Combat
  7932 | D:10     | Found a snail-covered altar of Cheibriados.
  8592 | D:11     | Noticed a two-headed ogre
  8609 | D:11     | Killed a two-headed ogre
  8620 | D:11     | Found a runed translucent gate.
  8621 | D:11     | Found a runed translucent gate.
  8621 | D:11     | Found an opulent altar of Gozag.
  8627 | D:11     | Noticed a green ugly thing
  8640 | D:11     | Killed a green ugly thing
  8840 | D:11     | Noticed Amaemon
  8854 | D:11     | Killed Amaemon
  8860 | D:11     | Reached skill level 10 in Spellcasting
  8988 | D:11     | Noticed a manticore
  8994 | D:11     | Killed a manticore
  8995 | D:11     | Reached XP level 12. HP: 61/67 MP: 27/27
  9079 | D:11     | Found a portal to a secret trove of treasure.
  9116 | D:11     | Found a runed translucent gate.
  9118 | D:11     | Noticed ouz's ghost (journeyman DsGl)
  9190 | D:12     | Noticed Erolcha
  9204 | D:11     | Killed Erolcha
  9220 | D:11     | Reached skill level 1 in Short Blades
  9220 | D:11     | Reached skill level 1 in Shields
  9226 | D:11     | Reached skill level 1 in Armour
  9238 | D:12     | Identified the +1 robe of Dramatic Exits {Slay+3}
  9265 | D:12     | Noticed Kirke
  9282 | D:11     | Reached skill level 13 in Unarmed Combat
  9549 | D:11     | Killed Kirke
  9561 | D:12     | Noticed a two-headed ogre
  9580 | D:12     | Killed a two-headed ogre
  9649 | D:12     | Reached skill level 10 in Fighting
  9665 | D:12     | Noticed a two-headed ogre
  9675 | D:12     | Killed a two-headed ogre
  9790 | D:12     | Noticed Snorg
  9801 | D:12     | Killed Snorg
 10145 | D:13     | Identified the +2 leather armour of the Black Moon {rN+
                  | Int+2 Dex-5}
 10263 | D:13     | Noticed a centaur warrior
 10271 | D:13     | Noticed Lodul
 10276 | D:13     | Killed a centaur warrior
 10289 | D:13     | Killed Lodul
 10378 | D:13     | Reached XP level 13. HP: 72/72 MP: 28/28
 10491 | D:13     | Reached skill level 14 in Unarmed Combat
 10838 | D:13     | Identified the ring of Oceitur {rElec Will+ SInv}
 10930 | D:13     | Reached skill level 5 in Dodging
 11004 | D:13     | Got the Anthology of Energy
 11857 | D:14     | Noticed a vault guard
 11863 | D:14     | Noticed a vault guard
 11870 | D:14     | Noticed a vault guard
 11981 | D:14     | Found a gate leading to a gauntlet.
 11999 | Gauntlet | Entered a Gauntlet
 11999 | Gauntlet | Found a transporter.
 11999 | Gauntlet | Found a transporter.
 11999 | Gauntlet | Found a runed translucent door.
 11999 | Gauntlet | Found a runed translucent door.
 12021 | Gauntlet | Found a transporter.
 12033 | Gauntlet | Found a transporter.
 12051 | Gauntlet | Found a transporter.
 12051 | Gauntlet | Found a transporter.
 12051 | Gauntlet | Found a transporter.
 12053 | Gauntlet | Found a transporter.
 12053 | Gauntlet | Found a transporter.
 12066 | Gauntlet | Found a transporter.
 12081 | Gauntlet | Found a transporter.
 12091 | Gauntlet | Found a transporter.
 12105 | Gauntlet | Found a transporter.
 12183 | Gauntlet | Found a transporter.
 12266 | Gauntlet | Reached skill level 5 in Short Blades
 12369 | Gauntlet | Reached skill level 5 in Shields
 12374 | Gauntlet | Reached XP level 14. HP: 79/79 MP: 29/29
 12438 | Gauntlet | Gained mutation: You occasionally lose the ability to read
                  | scrolls when taking damage. [a neqoxec]
 12446 | Gauntlet | Identified the amulet of Moyrch {rC+ Regen+ rCorr Str+3}
 12517 | Gauntlet | Reached skill level 15 in Unarmed Combat
 12520 | Gauntlet | Identified the +4 spear of Caustic Exoneration {freeze,
                  | Drain +Blink Str+3}
 12520 | Gauntlet | Identified the ring of Cygaic {rC+ Str+2}
 12521 | Gauntlet | Got the Codex of the Geologist
 13002 | D:14     | Reached skill level 5 in Armour
 13134 | D:14     | Found a gate to the Vaults.
 13446 | Lair:1   | Found the +4 robe of Folly {Brill Will-∞ Int+8}
 14669 | Lair:2   | Found a staircase to the Swamp.
 14717 | Lair:2   | Found a staircase to the Snake Pit.
 14801 | Lair:2   | Noticed Gastronok
 14812 | Lair:2   | Killed Gastronok
 15443 | Lair:3   | Found a frozen archway.
 15452 | IceCv    | Entered an ice cave
 15458 | IceCv    | Reached XP level 15. HP: 76/84 MP: 20/30
 15480 | IceCv    | Lost mutation: You occasionally lose the ability to read
                  | scrolls when taking damage. [potion of mutation]
 15480 | IceCv    | Gained mutation: Your magical capacity is low. (-10% MP)
                  | [potion of mutation]
 15480 | IceCv    | Gained mutation: You have hidden genetic potential. [potion
                  | of mutation]
 15533 | IceCv    | Identified the +5 chain mail of Intuition {rElec rPois rN+
                  | Dex+4}
 15741 | IceCv    | Reached skill level 16 in Unarmed Combat
 15789 | IceCv    | Identified the ring "Hafoown" {*Corrode rPois rN+ MP-9
                  | Str+6 Dex+8}
 16743 | Lair:4   | Found a staircase to the Slime Pits.
 16748 | Lair:4   | Paralysed by a floating eye for 3 turns
 17237 | Lair:4   | Identified the ring of Lumi {Contam Fly rPois rF+ Int+2
                  | SInv}
 17524 | Lair:5   | Entered Level 5 of the Lair of Beasts
 18302 | Lair:5   | Found a corrupted altar of Lugonu.
 18302 | Lair:5   | Found a one-way gate to the infinite horrors of the Abyss.
 18309 | Lair:5   | Reached XP level 16. HP: 72/88 MP: 20/29
 18322 | Lair:5   | Gained mutation: You have sharp fingernails. [hidden
                  | potential]
 18679 | Lair:5   | Got the Lectures on Frost and Lightning
 19013 | Slime:1  | Entered Level 1 of the Pits of Slime
 19013 | Slime:1  | Noticed an acid blob
 19022 | Slime:1  | Gained mutation: Your magical capacity is very low. (-20%
                  | MP) [a shining eye]
 19024 | Slime:1  | Killed an acid blob
 19025 | Slime:1  | Reached skill level 17 in Unarmed Combat
 19235 | Orc:1    | Entered Level 1 of the Orcish Mines
 19288 | Orc:2    | Entered Level 2 of the Orcish Mines
 19567 | Orc:2    | Found Zigaj's General Store.
 19567 | Orc:2    | Found Eliahut's Assorted Antiques.
 19624 | Orc:2    | Found Podwadd's Distillery.
 19624 | Orc:2    | Found Lich's Magic Scroll Shoppe.
 19651 | Orc:2    | Bought 2 scrolls of identify for 56 gold pieces
 19716 | Orc:2    | Found a staircase to the Elven Halls.
 20145 | D:11     | Killed ouz's ghost
 20162 | D:11     | Became a worshipper of Gozag Ym Sagoz the Greedy
 21053 | Orc:2    | Bought faintly humming pearl dragon scales for 2898 gold
                  | pieces
 21053 | Orc:2    | Identified the +1 pearl dragon scales "Woasoc" {rN+ Str+3}
                  | (You bought it in a shop on level 2 of the Orcish Mines)
 21181 | D:15     | Entered Level 15 of the Dungeon
 21392 | D:15     | Found a glowing golden altar of the Shining One.
 21698 | D:15     | Found a staircase to the Depths.
 22314 | Depths:1 | Entered Level 1 of the Depths
 22341 | Depths:1 | Noticed a lich
 22351 | Depths:1 | Killed a lich
 22459 | Depths:1 | Found a runed translucent door.
 22461 | Depths:1 | Noticed a lich
 22462 | Depths:1 | Found a radiant altar of Vehumet.
 22462 | Depths:1 | Noticed an ancient lich
 22480 | Depths:1 | Killed an ancient lich
 22481 | Depths:1 | Reached XP level 17. HP: 91/94 MP: 27/27
 22490 | Depths:1 | Gained mutation: Your movements are slightly less
                  | encumbered by armour. (ER -2) [hidden potential]
 22490 | Depths:1 | Lost mutation: You have hidden genetic potential. [hidden
                  | potential expressed]
 22492 | Depths:1 | Killed a lich
 22500 | Depths:1 | Lost mutation: You have sharp fingernails. [potion of
                  | mutation]
 22500 | Depths:1 | Lost mutation: Your magical capacity is very low. (-20% MP)
                  | [potion of mutation]
 22500 | Depths:1 | Lost mutation: Your magical capacity is low. (-10% MP)
                  | [potion of mutation]
 22500 | Depths:1 | Gained mutation: You are dopey. (Int -2) [potion of
                  | mutation]
 22500 | Depths:1 | Gained mutation: You expend magic power (3 MP) to
                  | strengthen your wands. [potion of mutation]
 22500 | Depths:1 | Gained mutation: You passively map a small area around you.
                  | [potion of mutation]
 22500 | Depths:1 | Gained mutation: You are covered in fur. (AC +1) [potion of
                  | mutation]
 22534 | Depths:1 | Got Ruityfy's Parchment of Assaults
 22680 | Depths:1 | Found a sparkling altar of Nemelex Xobeh.
 22774 | Depths:1 | Reached skill level 18 in Unarmed Combat
 23034 | Depths:1 | Identified the ring "Ehosao" {Contam Will+ rCorr Str+5
                  | Dex+3}
 23324 | Depths:1 | HP: 3/95 [fire dragon/blast of flame (11)]
 23324 | Depths:1 | HP: 1/95 [manticore (2)]
 23454 | Depths:1 | Killed from afar by a fire dragon

Illustrated notes

Levels and vault maps discovered:
D:1:      dpeg_arrival_tiny_j, layout_basic, basic_ecumenical_altar,
          chequers_serial_rivers_room_a
D:2:      layout_basic
D:3:      layout_basic, nicolae_overflow_crystal_walls, uniq_natasha, uniq_ijyb,
          uniq_robin
D:4:      nicolae_cairo_tiling_large_dashed, layout_cave_pools,
          riverfiend_overflow_shadow_ancestor, minmay_fire_ice_demons,
          uniq_crazy_yiuf_cottage, uniq_blork_the_orc, uniq_pikel, uniq_edmund
D:5:      layout_cave_pools, cheibrodos_sewer_entry_bend, serial_shops,
          shop_fountains, minivault_4, minmay_misc_feat_enclosed,
          minmay_door_square, minivault_23
D:6:      layout_loops_corners
D:7:      layout_basic, minmay_temple_entry_statues_fountains
D:8:      layout_loops_corners, nicolae_ashenzari_panopticon, lair_entry_dummy,
          uniq_grum, uniq_maurice, uniq_erica
D:9:      layout_basic, pdpol_wu_jian_five_deadly_venoms, jmf_multi_god_temple
D:10:     layout_cave_pods, mainiacjoe_overflow_alcove_4,
          minmay_orc_entry_guard_dogs
D:11:     layout_long_grid, nicolae_trove_entry_columns, ebering_ghost_gozag,
          minmay_crystal_room, uniq_amaemon
D:12:     layout_cross, uniq_kirke, uniq_erolcha, uniq_snorg
D:13:     minmay_the_grid_3x3 [minmay_the_grid_minigrid_small_alt,
          minmay_the_grid_aliased_spiral, minmay_the_grid_minigrid_large,
          minmay_the_grid_dragon_b, minmay_the_grid_embedded,
          minmay_the_grid_zigzag_pyramid, minmay_the_grid_all_tris,
          minmay_the_grid_square_x, minmay_the_grid_prize_shrinking_boxes],
          layout_irregular_city, uniq_lodul
D:14:     layout_small_grid, grunt_vaults_entry_fortified,
          gauntlet_entry_generic, roderic_roman_lattice,
          chequers_serial_rivers_room_a, minmay_misc_feat_four_crosses
D:15:     gammafunk_depths_entry_grave, layout_stronghold, serial_column_ruins,
          column_ruins_hut, column_ruins_hut, column_ruins_open_small,
          column_ruins_grid_4, column_ruins_open_small, column_ruins_grid_3,
          column_ruins_columns_corner, nicolae_tso_carved_into_rock
Temple:   eino_narrow_crystal_temple
Lair:1:   layout_long_grid, chequers_serial_rivers_room_b,
          dreamdust_deal_with_the_devil
Lair:2:   layout_long_grid, skrybe_swamp_entry_bodies,
          minmay_snake_entry_guardpost_small, grunt_megastairs_1, uniq_gastronok
Lair:3:   layout_hall_layers, portal_ice_cave_entry_pillars_2
Lair:4:   layout_small_grid, minmay_slime_entry_eyes
Lair:5:   hellmonk_lair_end_abyssal_woods, layout_regular_city,
          lemuel_fruit_tree, grunt_megastairs_5
Slime:1:  layout_caves
Slime:2:  layout_caves, nicolae_slime_crime_time
Orc:1:    hellmonk_paralyzer, layout_diamond_mine
Orc:2:    st_orc_town, layout_caves
Depths:1: layout_long_grid, nemelex_spade_bored_becter, special_room
          [special_room_mythical_zoo], hellmouth_1, nicolae_blasting_shop,
          grunt_absolute_annihilation, firewood_loft, uniq_norris

Skill      XL: |  1  2  3  4  5  6  7  8  9 10 11 12 13 14 15 16 17 |
---------------+----------------------------------------------------+-----
Fighting       | 3 4 5 6 7 8 9 10 11 12 13 | 13.2
Spellcasting   | 1 2 3 4 5 6 7 8 10 11 12 | 12.4
Unarmed Combat | 5 7 9 11 12 13 14 15 16 17 18 | 18.3
Short Blades   | 3 5 |  5.8
Shields        | 3 5 6 7 8 9 |  9.0
Armour         | 3 4 5 6 7 8 |  8.3
Dodging        | 4 5 6 7 8 |  8.7

Action                     |  1- 3 |  4- 6 |  7- 9 | 10-12 | 13-15 | 16-18 || total
---------------------------+-------+-------+-------+-------+-------+-------++-------
  Melee: Unarmed           |   124 |   188 |   301 |   539 |  1413 |   879 ||  3444
         Bite              |    34 |    69 |   112 |   206 |   645 |   414 ||  1480
  Throw: Dart              |       |     3 |       |     4 |     1 |       ||     8
         Throwing net      |       |     1 |       |       |       |       ||     1
  Evoke: Wand              |       |     1 |       |     5 |     4 |       ||    10
         Phial of floods   |       |       |       |       |       |     1 ||     1
    Use: Potion            |       |       |     4 |     2 |     4 |     5 ||    15
         Scroll            |       |       |     8 |     6 |    10 |     9 ||    33
   Stab: Held in net/web   |       |     2 |       |       |       |       ||     2
         Sleeping          |       |       |       |     2 |       |       ||     2
         Invisible         |       |       |       |       |     3 |       ||     3
         Distracted        |       |       |       |       |       |     4 ||     4
 Armour: Robe              |    16 |       |       |       |       |       ||    16
         Scale mail        |    15 |   100 |   108 |   109 |       |       ||   332
         Chain mail        |       |       |       |   231 |   706 |   439 ||  1376
  Dodge: Dodged            |    90 |   131 |   107 |   246 |   535 |   448 ||  1557
  Block: Buckler           |       |       |    11 |    92 |       |       ||   103
         Kite shield       |       |       |       |   107 |   855 |   644 ||  1606

Table legend: (Time is in decaauts)
 A = Elapsed time spent in this place.
 B = Non-inter-level travel time spent in this place.
 C = Inter-level travel time spent in this place.
 D = Time resting spent in this place.
 E = Time spent auto-exploring this place.
 F = Levels seen in this place.
 G = Mean time per level.
                   A        B        C        D        E       F      G
               +--------+--------+--------+--------+--------+-----+--------+
         Total |  22971 |  21331 |   1640 |    625 |  14538 |  29 |  792.1 |
       Dungeon |  14025 |  12902 |   1123 |    350 |   9299 |  15 |  935.0 |
        Temple |      1 |      1 |      0 |      0 |      0 |   1 |    1.0 |
          Lair |   5079 |   4742 |    337 |     49 |   3569 |   5 | 1015.8 |
    Slime Pits |     56 |     47 |      9 |     24 |      0 |   2 |   28.0 |
  Orcish Mines |   1585 |   1416 |    169 |      0 |   1020 |   2 |  792.5 |
        Depths |   1012 |   1012 |      0 |    198 |    193 |   1 | 1012.0 |
         Sewer |    286 |    286 |      0 |      0 |    137 |   1 |  286.0 |
      Ice Cave |    411 |    411 |      0 |      0 |    147 |   1 |  411.0 |
      Gauntlet |    512 |    512 |      0 |      3 |    173 |   1 |  512.0 |
               +--------+--------+--------+--------+--------+-----+--------+

Top non-repeatable levels by time:
    D:13: 1573 daAuts
    D:11: 1320 daAuts
  Lair:5: 1271 daAuts
     D:8: 1182 daAuts
    D:15: 1073 daAuts
  Lair:2: 1070 daAuts
  Lair:4: 1045 daAuts
Depths:1: 1012 daAuts
    D:14: 954 daAuts
     D:2: 950 daAuts
    D:10: 932 daAuts
   Orc:2: 919 daAuts
     D:3: 910 daAuts
     D:6: 868 daAuts
  Lair:1: 852 daAuts
